 Dungeon Sprint DCSS version 0.26-a0-668-gd58323b419 (webtiles) character file.

Game seed: 218480969164366790

168 sahdkjhfkaj the Shield-Bearer (level 5, 0/50 HPs)
             Began as a Minotaur Fighter on Oct 18, 2020.
             Was an Initiate of Zin.
             Slain by Prince Ribbit (3 damage)
             ... in the Dungeon (Sprint VII: "The Pits").
             The game lasted 00:02:36 (295 turns).

sahdkjhfkaj the Shield-Bearer (Minotaur Fighter)     Turns: 295, Time: 00:02:36

Health: 0/50       AC: 14    Str: 22    XL:     5   Next: 23%
Magic:  4/4        EV:  6    Int:  5    God:    Zin [......]
Gold:   0          SH: 11    Dex:  9    Spells: 4/4 levels left

rFire    . . .     SeeInvis .   a - +0 war axe
rCold    . . .     Faith    .   c - +0 kite shield
rNeg     . . .     Spirit   .   p - +2 plate armour
rPois    .         Reflect  .   (helmet restricted)
rElec    .         Harm     .   (no cloak)
rCorr    .         Rampage  .   (no gloves)
MR       .....     NoTele   +   (no boots)
Stlth    ..........             (no amulet)
HPRegen  0.16/turn              (no ring)
MPRegen  0.09/turn              (no ring)

@: lethally poisoned (0 -> -1)
A: retaliatory headbutt, horns 2
a: Donate Gold, Renounce Religion


You were in the Dungeon.
You worshipped Zin.
Zin was noncommittal.
You visited 1 branch

Inventory:

Hand Weapons
 a - a +0 war axe (weapon)
Armour
 c - a +0 kite shield (worn)
 p - a +2 plate armour (worn)
Scrolls
 j - a scroll of blinking
 l - 3 scrolls of remove curse
 m - 5 scrolls of amnesia
 o - 2 scrolls of vulnerability
Potions
 d - a potion of might {!q}
 e - 6 potions of curing {!q}
 f - 6 potions of heal wounds {!q}
 g - a potion of haste {!q}
 h - 4 potions of magic {!q}
 i - 3 potions of berserk rage {!q}
 k - 2 potions of invisibility {!q}


   Skills:
 + Level 6.1 Fighting
 * Level 7.2 Axes
 + Level 6.0 Armour
 + Level 4.2 Dodging
 * Level 7.7 Shields


You had 4 spell levels left.
You didn't know any spells.
Your spell library was empty.

Dungeon Overview and Level Annotations

Branches:
Dungeon (1/1)

Altars:
Ashenzari
Cheibriados
Dithmenos
Elyvilon
Fedhas
Gozag
Hepliaklqana
Kikubaaqudgha
Makhleb
Nemelex Xobeh
Okawaru
Qazlal
Ru
Sif Muna
Trog
Uskayaw
Vehumet
Wu Jian
Xom
Yredelemnul
Zin
The Shining One
Beogh
Jiyva
Lugonu

Annotations:
D Prince Ribbit


Innate Abilities, Weirdness & Mutations

You reflexively headbutt those who attack you in melee.
You have a pair of horns on your head.


Message History

You block Prince Ribbit's attack. Prince Ribbit hits you!
* * * LOW HITPOINT WARNING * * *
Unknown command.
You completely miss Prince Ribbit. Your headbutt misses Prince Ribbit.
Prince Ribbit is almost dead.
You feel sick.
Prince Ribbit casts a spell.
Prince Ribbit looks slightly unstable.
Prince Ribbit barely misses you.
Unknown command.
Unknown command.
You hit Prince Ribbit.
Prince Ribbit is almost dead.
Prince Ribbit barely misses you.
Unknown command.
Unknown command.
Unknown command.
You miss Prince Ribbit.
Prince Ribbit is almost dead.
Prince Ribbit hits you.
You die...

#'#####'#####.....
#.#..#..#..##.....
#.#..[..'..#####'#
#.##)####'###.....
#.#........##.....
#.#........##.....
#.#####'#####...<.
#.#..[)))..##.....
#@#..[)))..##.....
#F###########.....
#.......# ######
#...#...# #...# .#
#.##. #.. #. #..
.. #.. ..


You could see Prince Ribbit.

Vanquished Creatures
  An ice beast (D)
  Jessica (D)
  A worker ant (D)
  A gnoll (D)
  A river rat (D)
  An orc (D)
  A ball python (D)
  A bat (D)
  A bat skeleton (D)
  A giant cockroach (D)
  A goblin (D)
  A hobgoblin (D)
  2 frilled lizards (D)
  A rat (D)
15 creatures vanquished.

Notes
Turn   | Place    | Note
-------+----------+-------------------------------------------
     0 | D        | sahdkjhfkaj the Minotaur Fighter began the quest for the
                  | Orb.
     0 | D        | Reached XP level 1. HP: 19/19 MP: 0/0
   120 | D        | Found a bloodstained altar of Trog.
   120 | D        | Found a shimmering blue altar of Sif Muna.
   120 | D        | Found a viscous altar of Jiyva.
   120 | D        | Found a hazy altar of Hepliaklqana.
   120 | D        | Found an opulent altar of Gozag.
   121 | D        | Found a glowing golden altar of the Shining One.
   121 | D        | Found a glowing silver altar of Zin.
   121 | D        | Found a basalt altar of Yredelemnul.
   121 | D        | Found a shimmering altar of Xom.
   121 | D        | Found an ornate altar of the Wu Jian Council.
   121 | D        | Found a sacrificial altar of Ru.
   121 | D        | Found a stormy altar of Qazlal.
   121 | D        | Found an iron altar of Okawaru.
   121 | D        | Found a sparkling altar of Nemelex Xobeh.
   121 | D        | Found a burning altar of Makhleb.
   121 | D        | Found a blossoming altar of Fedhas.
   121 | D        | Found a white marble altar of Elyvilon.
   121 | D        | Found a shadowy altar of Dithmenos.
   121 | D        | Found a snail-covered altar of Cheibriados.
   123 | D        | Found a radiant altar of Vehumet.
   123 | D        | Found a corrupted altar of Lugonu.
   123 | D        | Found a roughly hewn altar of Beogh.
   124 | D        | Found a hide-covered altar of Uskayaw.
   124 | D        | Found an ancient bone altar of Kikubaaqudgha.
   124 | D        | Found a broken altar of Ashenzari.
   129 | D        | Became a worshipper of Zin the Law-Giver
   176 | D        | Reached skill level 1 in Dodging
   184 | D        | Reached XP level 2. HP: 27/27 MP: 1/1
   194 | D        | Reached skill level 5 in Shields
   253 | D        | Noticed Prince Ribbit
   254 | D        | Noticed an ice beast
   254 | D        | Noticed Jessica
   273 | D        | Killed an ice beast
   273 | D        | Reached skill level 5 in Fighting
   273 | D        | Reached skill level 5 in Armour
   273 | D        | Reached XP level 3. HP: 16/36 MP: 2/2
   273 | D        | Reached XP level 4. HP: 19/42 MP: 3/3
   281 | D        | Reached XP level 5. HP: 19/50 MP: 4/4
   285 | D        | Killed Jessica
   293 | D        | HP: 2/50 [poisoned by a worker ant]
   295 | D        | Slain by Prince Ribbit

Illustrated notes

Levels and vault maps discovered:
D:        pitsprint [storerooms_1, entrance_room_1, metal_vault_8, armoury_3,
          mini_pit_1, grid_room_1, main_hall_1, silver_pit, the_coven_1,
          the_vestibule_1, steel_vault_3, golden_pit, hallway_of_sentries,
          crystal_vault_1, iron_vault_1, final_vault]

Skill      XL: |  1  2  3  4  5 |
---------------+----------------+-----
Shields        | 4 6 7 |  7.7
Axes           | 3 6 7 |  7.2
Dodging        | 1 3 4 |  4.2
Fighting       | 4 5 6 |  6.1
Armour         | 4 5 6 |  6.0

Action                   |  1- 3 |  4- 6 || total
-------------------------+-------+-------++-------
Melee: War axe           |    33 |    19 ||    52
       Headbutt          |     7 |     3 ||    10
  Use: Scroll            |     1 |       ||     1
Armor: Scale mail        |    15 |       ||    15
       Plate armour      |    10 |     3 ||    13
Dodge: Dodged            |    12 |     3 ||    15
Block: Kite shield       |    17 |     6 ||    23

Table legend: (Time is in decaauts)
 A = Elapsed time spent in this place.
 B = Non-inter-level travel time spent in this place.
 C = Inter-level travel time spent in this place.
 D = Time resting spent in this place.
 E = Time spent auto-exploring this place.
 F = Levels seen in this place.
 G = Mean time per level.
                   A        B        C        D        E       F      G
               +--------+--------+--------+--------+--------+-----+--------+
         Total |    311 |    296 |     15 |    102 |      0 |   1 |  311.0 |
       Dungeon |    311 |    296 |     15 |    102 |      0 |   1 |  311.0 |
               +--------+--------+--------+--------+--------+-----+--------+

Top non-repeatable levels by time:
       D: 311 daAuts
